 Dungeon Crawl Stone Soup version 0.29-a0-1052-g6990b1bffc (webtiles) character file.

Game seed: 309974700975689279

114765 Pooter the Marksminotaur (level 16, -15/149 HPs)
             Began as a Minotaur Fighter on Aug 17, 2022.
             Was a High Priest of Trog.
             Shot with an arrow by a centaur warrior (23 damage)
             ... on level 15 of the Dungeon.
             The game lasted 02:39:26 (33096 turns).

Pooter the Marksminotaur (Minotaur Fighter)        Turns: 33096, Time: 02:39:26

Health: -15/149    AC: 23    Str: 40    XL:     16   Next: 17%
Magic:  15/15      EV: 11    Int:  5    God:    Trog [*****.]
Gold:   1219       SH:  0    Dex:  8    Spells: 15/15 levels left

rFire   . . .      SeeInvis +   a - +4 executioner's axe (flame)
rCold   . . .      Faith    .   (shield currently unavailable)
rNeg    . . .      Spirit   .   m - +4 plate armour
rPois   +          Reflect  .   (helmet restricted)
rElec   .          Harm     .   g - +0 cloak "Gewegreh" {Str+3}
rCorr   .          Rampage  .   w - +1 pair of gloves
Will    +++..      Clarity  +   d - +0 pair of boots
Stlth   ..........              r - amulet "Damnable Contraption" {RegenMP rPois rF- Str+4 Slay+4}
HPRegen 1.34/turn               F - ring "Xubaemas" {rPois rF+ Slay+3 SInv}
MPRegen 0.54/turn               E - +4 ring of slaying

@: strong-willed, on berserk cooldown, regenerating, slowed, very slow
A: horns 2, retaliatory headbutt, clarity, clumsy 1, strong 2
a: Renounce Religion, Berserk, Trog's Hand, Brothers in Arms


You were on level 15 of the Dungeon.
You worshipped Trog.
Trog was extremely pleased with you.
You visited 4 branches of the dungeon, and saw 23 of its levels.
You visited the Abyss 1 time.
You also visited: Sewer and Gauntlet.

You collected 2537 gold pieces.
You spent 1318 gold pieces at shops.

Inventory:

Hand Weapons
 a - a +4 executioner's axe of flaming (weapon)
   (Trog gifted it to you on level 13 of the Dungeon)
 b - a +3 triple crossbow of flaming
   (You took it off a minotaur in a Gauntlet)
 c - a +5 battleaxe
   (Trog gifted it to you on level 5 of the Lair of Beasts)
 A - a +2 antimagic battleaxe
   (Trog gifted it to you on level 4 of the Lair of Beasts)
 H - a +1 flail of holy wrath
   (You took it off an orc on level 1 of the Orcish Mines)
 K - a +1 arbalest of venom
   (You found it on level 7 of the Dungeon)
Missiles
 i - 12 javelins
 v - 73 poisoned darts
 B - 20 boomerangs (quivered)
 M - 8 curare-tipped darts
 X - 2 boomerangs of dispersal {!f}
Armour
 d - a +0 pair of boots (worn)
   (You found it on level 2 of the Dungeon)
 g - the +0 cloak "Gewegreh" (worn) {Str+3}
   (You found it in a Gauntlet)

   Str:       It affects your strength (+3).
 m - a +4 plate armour (worn)
   (You took it off an orc warrior on level 8 of the Dungeon)
 w - a +1 pair of gloves (worn)
   (You found it on level 8 of the Dungeon)
Jewellery
 r - the amulet "Damnable Contraption" (around neck) {RegenMP rPois rF- Str+4 Slay+4}
   (You bought it in a shop on level 2 of the Orcish Mines)

   [amulet of magic regeneration]

   It increases your rate of magic regeneration.
   Str:       It affects your strength (+4).
   Slay:      It affects your accuracy & damage with ranged weapons and melee
   (+4).
   rF:        It makes you vulnerable to fire.
   rPois:     It protects you from poison.
 C - a ring of resist corrosion
   (You found it on level 7 of the Dungeon)
 E - a +4 ring of slaying (right hand)
   (You found it on level 4 of the Dungeon)
 F - the ring "Xubaemas" (left hand) {rPois rF+ Slay+3 SInv}
   (You bought it in a shop on level 7 of the Dungeon)

   [ring of see invisible]

   Slay:      It affects your accuracy & damage with ranged weapons and melee
   (+3).
   rF:        It protects you from fire.
   rPois:     It protects you from poison.
   SInv:      It lets you see invisible.
 N - a ring of positive energy
   (You found it on level 6 of the Dungeon)
 W - a ring of ice
   (You found it on level 8 of the Dungeon)
Wands
 f - a wand of flame (24)
   (You took it off Grinder on level 5 of the Dungeon)
 u - a wand of paralysis (32)
   (You found it on level 3 of the Dungeon)
 y - a wand of roots (13)
   (You took it off a hobgoblin on level 4 of the Dungeon)
 D - a wand of digging (8)
   (You found it on level 13 of the Dungeon)
 O - a wand of light (21)
   (You found it in a Gauntlet)
 V - a wand of mindburst (9)
   (You found it on level 7 of the Dungeon)
Scrolls
 j - 2 scrolls of silence
 p - 3 scrolls of magic mapping
 s - 2 scrolls of blinking
 t - 11 scrolls of teleportation {@r4}
 z - a scroll of summoning
 L - 2 scrolls of immolation {!r}
 P - 2 scrolls of butterflies
 S - 3 scrolls of poison
 T - 3 scrolls of fear
Potions
 e - 2 potions of heal wounds {@q2}
 h - a potion of resistance
 k - 4 potions of attraction {!q}
 l - 3 potions of ambrosia
 n - 7 potions of invisibility
 o - 3 potions of cancellation
 q - 2 potions of mutation {!q}
 x - 8 potions of curing {@q1}
 Q - a potion of lignification {!q}
 U - 3 potions of flight
 Y - 6 potions of might
Miscellaneous
 G - a phantom mirror
   (You found it in a Gauntlet)
 J - a phial of floods
   (You found it in a Gauntlet)
 Z - a tin of tremorstones (1/2)
   (You found it on level 9 of the Dungeon)


   Skills:
 + Level 15.1 Fighting
 * Level 18.5 Axes
 * Level 18.5 Ranged Weapons
 - Level 6.2 Throwing
 + Level 9.2 Armour
 - Level 8.0 Dodging
 - Level 5.7 Stealth
 - Level 3.6 Shields
 + Level 9.5 Evocations


You had 15 spell levels left.
You didn't know any spells.
Your spell library was empty.

Dungeon Overview and Level Annotations

Branches:
Dungeon (15/15)            Temple (1/1) D:4            Lair (5/5) D:8
 Shoals (0/4) Lair:2       Spider (0/4) Lair:2        Slime (0/5) Lair:5
    Orc (2/2) D:9             Elf (0/3) Orc:2        Vaults (0/5) D:13
  Sewer (visited)         Gauntlet (visited)
 Depths: D:15

Altars:
Ashenzari
Cheibriados
Dithmenos
Elyvilon
Fedhas
Gozag
Hepliaklqana
Kikubaaqudgha
Makhleb
Nemelex Xobeh
Okawaru
Qazlal
Ru
Sif Muna
Trog
Uskayaw
Vehumet
Wu Jian
Xom
Yredelemnul
Zin
The Shining One
Jiyva

Shops:
D:7 *=*(   Orc:1 :   Orc:2 =(*[:

Portals:
Hell: Lair:5

Annotations:
D:13 2 transporters
Orc:2 2 transporters, Wiilli's ghost, journeyman DESu


Innate Abilities, Weirdness & Mutations

You have a pair of horns on your head.
You reflexively headbutt those who attack you in melee.
You possess an exceptional clarity of mind.
You are clumsy. (Dex -2)
Your muscles are very strong. (Str +8, Int/Dex -2)


Message History

The tengu warrior hits you with a +0 great sword!
* * * LOW HITPOINT WARNING * * *
The tengu warrior pecks you but does no damage.
The tengu warrior claws you but does no damage.
You hear an angry buzzing noise.
A red film seems to cover your vision as you go berserk!
You feel yourself moving faster!
You feel mighty! The boulder beetle bites you!!
* * * LOW HITPOINT WARNING * * *
The tengu warrior hits you with a +0 great sword.
* * * LOW HITPOINT WARNING * * *
The tengu warrior barely misses you.
The tengu warrior claws you but does no damage.
You miss the tengu warrior.
You chop the boulder beetle into pieces!!!
You burn the boulder beetle!
You hear a shout!
The boulder beetle bites you!
* * * LOW HITPOINT WARNING * * *
You cut the tengu warrior into ribbons!!!
You burn the tengu warrior.
You kill the tengu warrior!
Trog accepts your kill.
You cut the boulder beetle into ribbons!!!
You burn the boulder beetle.
You kill the boulder beetle!
Trog accepts your kill.
Things that are here:
a +0 great sword; a +2 longbow of freezing; a +0 leather armour You feel a strong urge to attack something.
A cyclops opens the door.
Found 6 stones.
A meliai comes into view. It is wielding a +0 hand axe.
A boulder beetle comes into view.
The meliai buzzes angrily.
Things that are here:
a +2 hand axe of freezing; a +0 leather armour; a meliai corpse You feel your anger nearly subside.
You are no longer berserk.
You are exhausted.
You feel yourself slow down.
A centaur warrior comes into view.
Things that are here:
a +0 war axe; a +0 robe; a meliai corpse The meliai invokes the aid of its god against you.
Something smites you!
* * * LOW HITPOINT WARNING * * *
There is a stone staircase leading up here.
The centaur warrior wields a +0 longbow.
The centaur warrior shoots an arrow.
The arrow hits you!!
You die...

....##.##....#
#...'.(.+....#
#...##B##...#
#...♣#'#♣...#
#....c......# #####
####...C.....# #...#
#....y......#####.#.#
#.@.)).))....#...#
#.()##.†#'####...#
.......##$.#.)......#
#..#######..#.###....#
#. +..#.###....# #
#..#......#.#
####......#.#
####........#
+..#.#......#


You could see a boulder beetle, a centaur warrior, a cyclops and a meliai.

Vanquished Creatures
  An Executioner (Abyss:2)
  2 tentacled starspawn (Abyss:2)
  An orc warlord (Orc:2)
  A ghost moth (shapeshifter) (D:8)
  A very ugly thing (Abyss:2)
  A dire elephant (Lair:5)
  The ghost of dduke234 the Bludgeoner, a journeyman MiMo of Vehumet (Orc:1)
  A minotaur (Gauntlet)
  Snorg (D:12)
  An ettin (Orc:1)
  18 hydras
  2 ogre magi
  2 boulder beetles
  Erica (Lair:1)
  6 centaur warriors
  10 two-headed ogres
  A death yak (Lair:5)
  A tengu warrior (D:15)
  2 thrashing horrors (Abyss:2)
  4 orc high priests (Orc:2)
  Urug (Lair:5)
  A sun demon (Lair:5)
  Sonja (Lair:2)
  A wretched star (Abyss:2)
  A skeletal warrior (D:8)
  6 orc knights
  A wizard (Lair:5)
  4 deep elf pyromancers
  7 cyclopes
  3 manticores (D:13)
  3 ugly things
  4 orc sorcerers (Orc:2)
  A salamander (shapeshifter) (D:14)
  5 black mambas
  Maggie (Lair:1)
  2 apocalypse crabs
  A smoke demon (Lair:5)
  6 orange demons
  2 large abominations (Abyss:2)
  22 cane toads
  4 kobold demonologists
  3 rime drakes
  6 komodo dragons
  An unseen horror (D:12)
  4 ice devils
  3 hellwings (Abyss:2)
  3 ancient zymes (Abyss:2)
  11 trolls
  7 meliai
  7 polar bears
  A red devil (Lair:5)
  Prince Ribbit (Lair:1)
  3 hornets
  34 blink frogs
  Grinder (D:5)
  4 raiju (Abyss:2)
  A dream sheep (Lair:5)
  4 starcursed masses (Abyss:2)
  4 wraiths
  4 shadows
  77 yaks
  2 vampires
  6 spriggans (Lair:1)
  2 jumping spiders (Lair:2)
  7 wyverns
  3 culicivoras (Lair:2)
  6 basilisks
  A neqoxec (Abyss:2)
  2 redbacks (Lair:2)
  A steam dragon (D:8)
  3 wargs
  5 vampire mosquitoes
  5 acid dragons
  17 water moccasins
  4 hell hounds (Lair:5)
  2 sky beasts
  33 orc warriors
  7 black bears
  An ice beast (D:8)
  A wolf (Lair:5)
  13 ogres
  7 centaurs
  A phantom (D:5)
  Blork the orc (D:6)
  11 kobold brigands
  25 bullfrogs
  5 scorpions
  2 wights (D:8)
  2 small abominations (Abyss:2)
  3 killer bees (D:10)
  2 howler monkeys
  4 electric eels (D:8)
  A jelly (D:8)
  22 orc priests
  A gnoll bouda (D:7)
  A hound (D:7)
  5 iguanas
  An iron imp (Abyss:2)
  31 orc wizards
  10 adders
  11 gnolls
  2 river rats (Sewer)
  A shadow imp (D:6)
  8 white imps
  An ufetubus (D:6)
  5 worms
  The ghost of ragingrage the Sneak, a weakling MiDe (D:6)
  3 dart slugs
  96 orcs
  6 ball pythons
  5 bats (D:1)
  3 endoplasms
  2 giant cockroaches
  7 goblins
  6 hobgoblins
  8 jackals
  45 kobolds
  5 quokkas
  2 frilled lizards
  4 rats
791 creatures vanquished.

Vanquished Creatures (collateral kills)
  An alligator snapping turtle zombie (Abyss:2)
1 creature vanquished.

Vanquished Creatures (others)
  4 bushes (Lair:2)
  20 demonic plants (Gauntlet)
  27 fungi
  A lurking horror (Abyss:2)
  103 plants
  4 starspawn tentacles (Abyss:2)
159 creatures vanquished.

Grand Total: 951 creatures vanquished

Notes
Turn   | Place    | Note
-------+----------+-------------------------------------------
     0 | D:1      | Pooter the Minotaur Fighter began the quest for the Orb.
     0 | D:1      | Reached XP level 1. HP: 19/19 MP: 0/0
   211 | D:1      | Reached XP level 2. HP: 27/27 MP: 1/1
   874 | D:1      | Reached XP level 3. HP: 32/33 MP: 2/2
  1499 | D:3      | Reached skill level 1 in Ranged Weapons
  1541 | D:3      | Reached XP level 4. HP: 23/41 MP: 3/3
  1545 | D:3      | Reached XP level 5. HP: 15/47 MP: 4/4
  1909 | D:3      | Reached skill level 5 in Axes
  2156 | D:4      | Found a staircase to the Ecumenical Temple.
  2169 | Temple   | Entered the Ecumenical Temple
  2213 | Temple   | Became a worshipper of Trog the Wrathful
  2687 | D:4      | Reached skill level 5 in Fighting
  2687 | D:4      | Reached XP level 6. HP: 49/56 MP: 5/5
  2742 | D:4      | Gained mutation: You are clumsy. (Dex -2) [potion of
                  | mutation]
  2743 | D:4      | Lost mutation: You are clumsy. (Dex -2) [potion of
                  | mutation]
  2743 | D:4      | Gained mutation: You are covered in fur. (AC +1) [potion of
                  | mutation]
  2743 | D:4      | Gained mutation: You possess an exceptional clarity of
                  | mind. [potion of mutation]
  2829 | D:4      | Reached skill level 1 in Evocations
  2992 | D:4      | Reached * piety under Trog
  3262 | D:5      | Entered Level 5 of the Dungeon
  3288 | D:5      | Found a hide-covered altar of Uskayaw.
  3288 | D:5      | Found a sacrificial altar of Ru.
  3288 | D:5      | Found an iron altar of Okawaru.
  3448 | D:5      | Noticed Grinder
  3457 | D:5      | Killed Grinder
  3458 | D:5      | Reached XP level 7. HP: 57/61 MP: 6/6
  3686 | D:5      | Reached skill level 5 in Ranged Weapons
  3904 | D:5      | Identified a scroll of acquirement
  3905 | D:5      | Acquired a manual of Axes
  3950 | D:6      | Noticed Blork the orc
  3956 | D:6      | Killed Blork the orc
  3977 | D:6      | Found a glowing golden altar of the Shining One.
  3983 | D:6      | Reached XP level 8. HP: 66/70 MP: 7/7
  4029 | D:6      | Found a glowing drain.
  4046 | Sewer    | Entered a sewer
  4137 | Sewer    | Reached ** piety under Trog
  4475 | D:6      | Found a runed translucent door.
  4552 | D:6      | Noticed ragingrage's ghost (weakling MiDe)
  4573 | D:6      | Killed ragingrage's ghost
  4749 | D:6      | Found a broken altar of Ashenzari.
  4749 | D:6      | Found a shadowy altar of Dithmenos.
  4770 | D:6      | Found a burning altar of Makhleb.
  4772 | D:6      | Found a snail-covered altar of Cheibriados.
  4774 | D:6      | Found a white marble altar of Elyvilon.
  4850 | D:6      | Reached skill level 10 in Axes
  4877 | D:7      | Found Ykodweculo's Jewellery Shop.
  4886 | D:7      | Found Fefil's Weapon Shoppe.
  4894 | D:7      | Reached XP level 9. HP: 79/79 MP: 8/8
  5538 | D:7      | Found Jousen's Assorted Antiques.
  5603 | D:7      | Bought a scroll labelled ULEPOGASES for 25 gold pieces
  5603 | D:7      | Bought a fizzy red potion for 22 gold pieces
  5603 | D:7      | Bought a warped iron ring for 125 gold pieces
  5603 | D:7      | Identified the ring "Xubaemas" {rPois rF+ Slay+3 SInv} (You
                  | bought it in a shop on level 7 of the Dungeon)
  5603 | D:7      | Bought a murky emerald potion for 22 gold pieces
  5714 | D:7      | Found Xiju's Assorted Antiques.
  5722 | D:7      | Bought a yellow potion for 23 gold pieces
  5722 | D:7      | Bought a scroll labelled FUTRUDOLEN for 26 gold pieces
  5722 | D:7      | Bought a scroll labelled ICUEXATHEO for 26 gold pieces
  5722 | D:7      | Bought a scroll labelled NIGAZX NAUN for 26 gold pieces
  5950 | D:7      | Noticed a gargoyle
  6202 | D:8      | Reached XP level 10. HP: 86/88 MP: 9/9
  6320 | D:8      | Found a staircase to the Lair.
  6361 | D:8      | Reached skill level 5 in Evocations
  6619 | D:8      | Noticed a seven-headed hydra
  6633 | D:8      | Killed a seven-headed hydra
  7136 | D:8      | Reached skill level 10 in Ranged Weapons
  7228 | D:8      | Noticed a five-headed hydra
  7238 | D:8      | Killed a five-headed hydra
  7239 | D:8      | Reached skill level 15 in Axes
  7241 | D:8      | Noticed a skeletal warrior
  7725 | D:8      | Reached XP level 11. HP: 82/97 MP: 10/10
  7988 | D:8      | Noticed a two-headed ogre
  7994 | D:8      | Killed a two-headed ogre
  8207 | D:8      | Noticed a spark wasp
  8207 | D:8      | a slime creature changed into a spark wasp
  8209 | D:8      | Noticed a ghost moth
  8209 | D:8      | a spark wasp changed into a ghost moth
  8219 | D:8      | Killed a ghost moth
  8340 | D:8      | Upgraded the game from 0.29-a0-1047-g7c58e119a4 to
                  | 0.29-a0-1052-g6990b1bffc
  8392 | D:8      | Killed a skeletal warrior
  8686 | D:9      | Found a staircase to the Orcish Mines.
  8696 | Orc:1    | Entered Level 1 of the Orcish Mines
  8698 | Orc:1    | Found a runed translucent door.
  8698 | Orc:1    | Noticed dduke234's ghost (journeyman MiMo)
  8707 | Orc:1    | Noticed an ettin
  9036 | D:9      | You fall into a shaft and drop 3 floors!
  9049 | D:12     | Noticed a four-headed hydra
  9054 | D:12     | Reached skill level 1 in Dodging
  9059 | D:12     | Killed a one-headed hydra
  9071 | D:12     | Reached skill level 10 in Fighting
  9073 | D:12     | Found a gate leading to a gauntlet.
  9081 | D:12     | Noticed a sun demon
  9100 | D:12     | Noticed a two-headed ogre
  9105 | Gauntlet | Entered a Gauntlet
  9105 | Gauntlet | Found a transporter.
  9129 | Gauntlet | Found a large runed translucent door.
  9130 | Gauntlet | Found a large runed translucent door.
  9131 | Gauntlet | Found a large runed translucent door.
  9131 | Gauntlet | Found a large runed translucent door.
  9131 | Gauntlet | Found a runed translucent door.
  9132 | Gauntlet | Found a large runed translucent door.
  9133 | Gauntlet | Found a large runed translucent door.
  9134 | Gauntlet | Found a large runed translucent door.
  9134 | Gauntlet | Found a large runed translucent door.
  9135 | Gauntlet | Found a runed translucent gate.
  9135 | Gauntlet | Found a runed translucent gate.
  9227 | Gauntlet | Noticed a wizard
  9271 | Gauntlet | Lost mutation: You possess an exceptional clarity of mind.
                  | [potion of mutation]
  9271 | Gauntlet | Lost mutation: You are covered in fur. (AC +1) [potion of
                  | mutation]
  9271 | Gauntlet | Gained mutation: You are agile. (Dex +4, Str/Int -1)
                  | [potion of mutation]
  9271 | Gauntlet | Gained mutation: You have hidden genetic potential. [potion
                  | of mutation]
  9272 | Gauntlet | Lost mutation: You are agile. (Dex +4, Str/Int -1) [potion
                  | of mutation]
  9272 | Gauntlet | Lost mutation: You have hidden genetic potential. [potion
                  | of mutation]
  9272 | Gauntlet | Gained mutation: You are agile. (Dex +4, Str/Int -1)
                  | [potion of mutation]
  9272 | Gauntlet | Gained mutation: You have sharp toenails. [potion of
                  | mutation]
  9272 | Gauntlet | Gained mutation: Your flesh is cold resistant. (rC+)
                  | [potion of mutation]
  9273 | Gauntlet | Found a transporter.
  9329 | Gauntlet | Found a transporter.
  9329 | Gauntlet | Found a transporter.
  9331 | Gauntlet | Found a large runed translucent door.
  9332 | Gauntlet | Noticed a hell hog
  9333 | Gauntlet | Found a large runed translucent door.
  9340 | Gauntlet | Found a transporter.
  9340 | Gauntlet | Found a large runed translucent door.
  9340 | Gauntlet | Found a large runed translucent door.
  9340 | Gauntlet | Found a runed translucent door.
  9341 | Gauntlet | Found a large runed translucent door.
  9342 | Gauntlet | Found a large runed translucent door.
  9343 | Gauntlet | Found a large runed translucent door.
  9343 | Gauntlet | Found a large runed translucent door.
  9344 | Gauntlet | Found a runed translucent gate.
  9346 | Gauntlet | Found a transporter.
  9360 | Gauntlet | Found a transporter.
  9366 | Gauntlet | Found a transporter.
  9384 | Gauntlet | Found a transporter.
  9426 | Gauntlet | Found a transporter.
  9428 | Gauntlet | Noticed a thrashing horror
  9511 | Gauntlet | Found a transporter.
  9515 | Gauntlet | Identified the +0 cloak "Gewegreh" {Str+3}
  9536 | Gauntlet | Found a transporter.
  9546 | Gauntlet | Identified the +3 short sword of Might {drain, rElec rN+
                  | Str+3}
  9546 | Gauntlet | Noticed a minotaur
  9555 | Gauntlet | HP: 4/95 [minotaur/the +3 short sword of Might {drain,
                  | rElec rN+ Str+3} (13)]
  9556 | Gauntlet | Killed a minotaur
  9999 | D:12     | Killed a two-headed ogre
 10067 | D:12     | Reached XP level 12. HP: 95/107 MP: 11/11
 10153 | D:12     | Noticed Snorg
 10166 | D:12     | Killed Snorg
 10308 | D:11     | Noticed a two-headed ogre
 10316 | D:11     | Killed a two-headed ogre
 10501 | D:10     | Entered Level 10 of the Dungeon
 10974 | Orc:1    | Killed an ettin
 10975 | Orc:1    | Reached skill level 5 in Dodging
 11000 | Orc:1    | Reached *** piety under Trog
 11239 | Orc:1    | Killed dduke234's ghost
 12360 | Orc:1    | Found Ylull's Book Boutique.
 12445 | Orc:2    | Entered Level 2 of the Orcish Mines
 13051 | Orc:2    | Found a staircase to the Elven Halls.
 13109 | Orc:2    | Noticed a two-headed ogre
 13109 | Orc:2    | Noticed Wiilli's ghost (journeyman DESu)
 13109 | Orc:2    | Noticed a two-headed ogre
 13109 | Orc:2    | Noticed a two-headed ogre
 13109 | Orc:2    | Noticed a two-headed ogre
 13113 | Orc:2    | Identified the +9 great mace of Joxuil {holy, Will+ Int+3
                  | Dex+2}
 13113 | Orc:2    | Noticed an ettin
 13114 | Orc:2    | Found a transporter.
 13125 | Orc:2    | Found a transporter.
 13729 | Orc:2    | Noticed an orc high priest
 13734 | Orc:2    | Reached **** piety under Trog
 13739 | Orc:2    | Paralysed by an orc sorcerer for 5 turns
 13742 | Orc:2    | Noticed an orc high priest
 13748 | Orc:2    | Killed an orc high priest
 14294 | Orc:1    | Reached XP level 13. HP: 118/118 MP: 12/12
 17054 | Orc:2    | Paralysed by an orc sorcerer for 2 turns
 17122 | Orc:2    | Noticed an orc warlord
 17132 | Orc:2    | Killed an orc warlord
 18203 | Orc:2    | Reached skill level 15 in Ranged Weapons
 20057 | Orc:2    | Found Saikhluic's General Store.
 20058 | Orc:2    | Found Noefirgh's Jewellery Shoppe.
 20060 | Orc:2    | Found Fuso Xui's Antique Armour Emporium.
 20060 | Orc:2    | Found Seneemaip's Antique Weapon Emporium.
 20065 | Orc:2    | Bought a potion of lignification for 36 gold pieces
 20065 | Orc:2    | Bought a potion of mutation for 96 gold pieces
 20086 | Orc:2    | Bought the amulet "Damnable Contraption" {RegenMP rPois rF-
                  | Str+4 Slay+4} for 891 gold pieces
 20254 | Orc:2    | Found Xehena's Self-Improvement Boutique.
 21279 | Lair:1   | Entered Level 1 of the Lair of Beasts
 21292 | Lair:1   | Noticed Prince Ribbit
 21297 | Lair:1   | Killed Prince Ribbit
 21346 | Lair:1   | You fall into a shaft and drop 1 floor!
 21351 | Lair:2   | Reached skill level 1 in Throwing
 21402 | Lair:2   | Reached skill level 1 in Stealth
 21659 | Lair:2   | Found a hole to the Spider Nest.
 21769 | Lair:2   | Found a staircase to the Shoals.
 21772 | Lair:2   | Reached ***** piety under Trog
 22108 | Lair:1   | Noticed Maggie
 22116 | Lair:1   | Killed Maggie
 22135 | Lair:1   | Noticed Erica
 22142 | Lair:1   | Killed Erica
 22512 | Lair:1   | Reached skill level 5 in Armour
 22989 | Lair:2   | Reached XP level 14. HP: 121/129 MP: 13/13
 23216 | Lair:2   | Noticed Sonja
 23218 | Lair:2   | Killed Sonja
 24790 | Lair:4   | Received a gift from Trog
 25158 | Lair:4   | Identified the +0 ring mail of the Solstice {Int+5 Dex+3}
 25487 | Lair:5   | Entered Level 5 of the Lair of Beasts
 25910 | Lair:5   | Found a viscous altar of Jiyva.
 25911 | Lair:5   | Found a staircase to the Slime Pits.
 26576 | Lair:5   | Noticed Urug
 26586 | Lair:5   | Reached skill level 5 in Throwing
 26586 | Lair:5   | Killed Urug
 26587 | Lair:5   | Reached XP level 15. HP: 102/138 MP: 4/14
 26735 | Lair:5   | Received a gift from Trog
 27019 | Abyss:2  | Cast into level 2 of the Abyss (a wizard)
 27219 | Abyss:2  | Found a shadowy altar of Dithmenos.
 27255 | Abyss:2  | Noticed an Executioner
 27266 | Abyss:2  | Killed an Executioner
 27320 | Abyss:2  | Reached skill level 5 in Stealth
 27448 | Abyss:2  | Noticed a tentacled starspawn
 27455 | Abyss:2  | Killed a tentacled starspawn
 27593 | Abyss:2  | Noticed a tentacled starspawn
 27598 | Abyss:2  | Killed a tentacled starspawn
 27694 | Abyss:2  | Found a shadowy altar of Dithmenos.
 27699 | Abyss:2  | Paralysed by accursed screaming for 1 turns
 27719 | Abyss:2  | Lost mutation: You have sharp toenails. [potion of
                  | mutation]
 27719 | Abyss:2  | Lost mutation: Your flesh is cold resistant. (rC+) [potion
                  | of mutation]
 27719 | Abyss:2  | Lost mutation: You are agile. (Dex +4, Str/Int -1) [potion
                  | of mutation]
 27720 | Abyss:2  | Gained mutation: You have a beak for a mouth. [potion of
                  | mutation]
 27734 | Lair:5   | Escaped the Abyss
 28196 | Lair:5   | Found a burning altar of Makhleb.
 28443 | Lair:5   | Found a gateway to Hell.
 30337 | D:13     | Received a gift from Trog
 30414 | D:13     | Found a gate to the Vaults.
 30670 | D:13     | Lost mutation: You have a beak for a mouth. [potion of
                  | mutation]
 30670 | D:13     | Gained mutation: You are partially covered in iridescent
                  | scales. (AC +2) [potion of mutation]
 30670 | D:13     | Gained mutation: You occasionally lose the ability to drink
                  | potions when taking damage. [potion of mutation]
 30670 | D:13     | Gained mutation: You are mostly covered in iridescent
                  | scales. (AC +4) [potion of mutation]
 30671 | D:13     | Lost mutation: You are mostly covered in iridescent scales.
                  | (AC +4) [potion of mutation]
 30671 | D:13     | Lost mutation: You occasionally lose the ability to drink
                  | potions when taking damage. [potion of mutation]
 30671 | D:13     | Lost mutation: You are partially covered in iridescent
                  | scales. (AC +2) [potion of mutation]
 30671 | D:13     | Gained mutation: Your muscles are strong. (Str +4, Int/Dex
                  | -1) [potion of mutation]
 30671 | D:13     | Gained mutation: You possess an exceptional clarity of
                  | mind. [potion of mutation]
 30671 | D:13     | Gained mutation: You are clumsy. (Dex -2) [potion of
                  | mutation]
 30671 | D:13     | Gained mutation: Your muscles are very strong. (Str +8,
                  | Int/Dex -2) [potion of mutation]
 30721 | D:13     | Found a transporter.
 30931 | D:13     | Found a transporter.
 32147 | D:14     | Reached XP level 16. HP: 147/147 MP: 15/15
 32454 | D:14     | Reached skill level 15 in Fighting
 32752 | D:15     | Entered Level 15 of the Dungeon
 33086 | D:15     | Received a gift from Trog
 33094 | D:15     | HP: 4/149 [meliai/divine providence (11)]
 33096 | D:15     | Shot with an arrow by a centaur warrior

Illustrated notes

Levels and vault maps discovered:
D:1:      heliophobic_arrival_dark_side_of_the_moon, layout_basic,
          minmay_pentomino_o4
D:2:      layout_rooms
D:3:      layout_rooms
D:4:      minmay_chambers_of_fours, layout_loops_ring,
          minmay_temple_entry_overgrown, grunt_ministairs_3
D:5:      layout_basic, chequers_temple_overflow_statue_of_worship, uniq_grinder
D:6:      layout_rooms, chequers_temple_overflow_minitemple,
          lemuel_crystal_altar, ebering_ghost_sewer_d,
          cheibrodos_sewer_entry_bend, uniq_blork_the_orc
D:7:      layout_basic, serial_shops, nicolae_shop_bloodbath_and_beyond,
          nicolae_shop_stone, nicolae_shop_waterfront,
          nicolae_shop_advertising_works [nicolae_subvault_shop_adworks],
          lightli_corner_chamber
D:8:      nzn_winding_woodlands_medium [nzn_winding_woodlands_5x5_cross,
          nzn_winding_woodlands_5x15_lazy_stream,
          nzn_winding_woodlands_hourglass,
          nzn_winding_woodlands_5x5_closed_star,
          nzn_winding_woodlands_center_triple_pond,
          nzn_winding_woodlands_5x5_three, nzn_winding_woodlands_5x5_open_star,
          nzn_winding_woodlands_5x15_river_crossing,
          nzn_winding_woodlands_5x5_checkerboard], layout_basic,
          minmay_lair_entry_grove
D:9:      layout_rooms, orc_0_dummy
D:10:     minmay_cornered_nines, layout_rooms, special_room [special_room_orc]
D:11:     layout_roguey
D:12:     layout_rooms, gauntlet_entry_generic, uniq_snorg
D:13:     gammafunk_worm_tunnel, layout_stronghold,
          hangedman_vaults_entry_quadrant_bands, einodemon_barbed_minivault
D:14:     minmay_general_purpose_star, layout_basic, minmay_splitting_lines
D:15:     gammafunk_enter_depths_forms, layout_stronghold, serial_park_square3
          [serial_park_minivault_5x5_3]
Temple:   nicolae_temple_ecumenical_triangle
Lair:1:   layout_roguey, wad_woods_01, uniq_maggie, uniq_prince_ribbit2,
          uniq_erica
Lair:2:   layout_concentric_octagons, shoals_dummy_entry,
          nicolae_spider_entry_tight_spaces, grunt_forest_large_clearing_hut,
          uniq_sonja
Lair:3:   layout_regular_city
Lair:4:   layout_long_grid, beast_lair_carwin_1
Lair:5:   evil_forest, layout_concentric_octagons, slime_entry_1,
          grunt_megastairs_5, serial_bayou_shore_a, uniq_urug
Orc:1:    layout_diamond_mine, serial_shops, nicolae_shop_crystal,
          hellmonk_ghost_happy_afterlife
Orc:2:    st_orc_congregation, layout_diamond_mine, basic_altar,
          portal_ice_cave_entry_pillars_2, gammafunk_ghost_smash,
          nicolae_shop_self_help

Skill      XL: |  1  2  3  4  5  6  7  8  9 10 11 12 13 14 15 16 |
---------------+-------------------------------------------------+-----
Axes           | 3 4 5 6 7 10 13 15 17 18 | 18.5
Fighting       | 4 5 6 7 8 9 10 12 13 14 15 | 15.1
Ranged Weapons | 1 2 3 4 5 7 8 10 12 14 16 17 18 | 18.5
Evocations     | 1 2 3 4 5 7 8 9 |  9.5
Dodging        | 3 6 8 |  8.0
Armour         | 5 7 8 9 |  9.2
Throwing       | 2 5 6 |  6.2
Stealth        | 2 4 5 |  5.7
Shields        | |  3.6

Action                   |  1- 3 |  4- 6 |  7- 9 | 10-12 | 13-15 | 16-18 || total
-------------------------+-------+-------+-------+-------+-------+-------++-------
Melee: War axe           |    79 |    57 |   128 |   199 |   182 |       ||   645
       Headbutt          |     8 |     9 |    30 |    56 |    70 |     2 ||   175
       Spear             |       |       |       |     9 |       |       ||     9
       Punch             |       |       |       |     2 |     1 |       ||     3
       Battleaxe         |       |       |       |       |   157 |       ||   157
       Executioner's axe |       |       |       |       |    14 |    18 ||    32
       Peck              |       |       |       |       |     7 |       ||     7
 Fire: Sling             |       |    64 |    39 |       |       |       ||   103
       Arbalest          |       |       |    22 |    83 |       |       ||   105
       Triple crossbow   |       |       |       |   108 |   509 |    15 ||   632
Throw: Stone             |     2 |       |     2 |       |       |       ||     4
       Dart              |       |       |     8 |       |    20 |       ||    28
       Boomerang         |       |       |       |       |     1 |       ||     1
Invok: Berserk           |       |       |     5 |    20 |     4 |     1 ||    30
       Trog's Hand       |       |       |     3 |    17 |    16 |     1 ||    37
       Brothers in Arms  |       |       |       |       |     1 |       ||     1
Evoke: Wand              |       |       |     4 |    10 |     1 |       ||    15
       Tin of tremorston |       |       |       |     3 |     2 |     1 ||     6
  Use: Scroll            |     3 |     2 |     7 |    29 |     9 |       ||    50
       Potion            |     1 |     2 |       |     7 |     6 |       ||    16
 Stab: Paralysed         |       |       |     6 |       |       |       ||     6
       Invisible         |       |       |       |     2 |       |       ||     2
Armor: Scale mail        |    44 |    29 |    50 |    80 |       |       ||   203
       Plate armour      |       |       |       |    64 |   316 |    25 ||   405
Dodge: Dodged            |    38 |    28 |    46 |   133 |   295 |    17 ||   557
Block: Buckler           |    24 |    14 |    21 |       |       |       ||    59

Table legend: (Time is in decaauts)
 A = Elapsed time spent in this place.
 B = Non-inter-level travel time spent in this place.
 C = Inter-level travel time spent in this place.
 D = Time resting spent in this place.
 E = Time spent auto-exploring this place.
 F = Levels seen in this place.
 G = Mean time per level.
                   A        B        C        D        E       F      G
               +--------+--------+--------+--------+--------+-----+--------+
         Total |  33889 |  33094 |    795 |  13857 |  13637 |  26 | 1303.4 |
       Dungeon |  15189 |  14676 |    513 |   3121 |   8835 |  15 | 1012.6 |
        Temple |     53 |     45 |      8 |      0 |     32 |   1 |   53.0 |
          Lair |   6910 |   6711 |    199 |   2131 |   3565 |   5 | 1382.0 |
  Orcish Mines |   9750 |   9676 |     74 |   7642 |    801 |   2 | 4875.0 |
         Abyss |    702 |    702 |      0 |    321 |    217 |   1 |  702.0 |
         Sewer |    374 |    374 |      0 |     42 |    186 |   1 |  374.0 |
      Gauntlet |    910 |    910 |      0 |    599 |      0 |   1 |  910.0 |
               +--------+--------+--------+--------+--------+-----+--------+

Top non-repeatable levels by time:
   Orc:2: 7391 daAuts
     D:8: 2810 daAuts
   Orc:1: 2358 daAuts
  Lair:5: 2309 daAuts
    D:14: 1581 daAuts
  Lair:1: 1282 daAuts
    D:13: 1271 daAuts
     D:4: 1258 daAuts
  Lair:4: 1253 daAuts
     D:7: 1252 daAuts
  Lair:3: 1109 daAuts
    D:11: 1073 daAuts
  Lair:2: 955 daAuts
     D:1: 955 daAuts
Gauntlet: 910 daAuts
